 Dungeon Crawl Stone Soup version 0.27-a0-802-gbe893936b8 (webtiles) character file.

Game seed: 11287470635973661029

35 Hot the Skirmisher (level 3, -3/30 HPs)
             Began as a Barachi Fighter on Mar 28, 2021.
             Killed by nerve-wracking pain
             ... invoked by Jessica
              (14 damage)
             ... on level 1 of the Dungeon.
             The game lasted 00:08:07 (1422 turns).

Hot the Skirmisher (Barachi Fighter)                Turns: 1422, Time: 00:08:07

Health: -3/30      AC: 10    Str: 17    XL:     3   Next: 35%
Magic:  3/3        EV:  7    Int:  8    God:
Gold:   39         SH:  9    Dex: 12    Spells: 2/2 levels left

rFire    . . .     SeeInvis .   a - +0 long sword
rCold    . . .     Faith    .   c - +0 kite shield
rNeg     . . .     Spirit   .   b - +1 scale mail
rPois    .         Reflect  .   f - +0 helmet
rElec    .         Harm     .   (no cloak)
rCorr    .         Rampage  .   h - +0 pair of gloves
Will     .....                  (no boots)
Stlth    ..........             (no amulet)
HPRegen  0.10/turn              (no ring)
MPRegen  0.08/turn              (no ring)

@: can't hop, slow
A: +LOS, amphibious, slowness 1, strong legs 1
a: Hop


You were on level 1 of the Dungeon.
You visited 1 branch of the dungeon, and saw 2 of its levels.

You collected 39 gold pieces.

Inventory:

Hand Weapons
 a - a +0 long sword (weapon)
Armour
 b - a +1 scale mail (worn)
 c - a +0 kite shield (worn)
 f - a +0 helmet (worn)
 h - a +0 pair of gloves (worn)
Scrolls
 e - a scroll of brand weapon {unknown}
Potions
 d - a potion of might
 g - a potion of curing {unknown}


   Skills:
 + Level 4.0 Fighting
 + Level 2.8 Long Blades
 + Level 3.9 Armour
 + Level 1.0 Dodging
 + Level 3.6 Shields
 + Level 0.9 Evocations


You had 2 spell levels left.
You didn't know any spells.
Your spell library was empty.

Dungeon Overview and Level Annotations

Branches:
Dungeon (2/15)

Altars:

Annotations:
D:1 Jessica


Innate Abilities, Weirdness & Mutations

You can be seen from farther away. (+LOS)
You are amphibious.
You cover ground slowly.
You can hop short distances.


Message History

You barely miss the worm.
The worm is moderately wounded.
The worm bites you but does no damage. The worm bites you.
You barely miss the worm.
The worm is moderately wounded.
The worm bites you.
* * * LOW HITPOINT WARNING * * *
You block the worm's attack.
You slash the worm!
The worm is severely wounded.
The worm bites you but does no damage. x2
You hit the worm but do no damage.
The worm is moderately wounded.
You block the worm's attack. The worm bites you!
* * * LOW HITPOINT WARNING * * *
Hop to where?
Press: ? - help, Dir - move target Boing!
You see here a +0 pair of gloves.
h - a +0 pair of gloves Unknown command.
Okay, then.
You start putting on your armour.
You continue putting on your +0 pair of gloves. x4
You finish putting on your +0 pair of gloves.
You see here a scarf of shadows.
You see here a jackal skeleton.
Jessica the Apprentice Sorceress comes into view.
She is wielding a +5 vampiric dagger.
Jessica shouts!
Jessica looks very angry.
There is a stone staircase leading up here.
Jessica casts a spell.
Jessica seems to speed up.
You climb upwards.
There is a stone staircase leading down here.
Jessica casts a spell.
Jessica blinks!
Jessica points at you and mumbles some strange words.
Pain shoots through your body!
You die...

####.....#####.## ##.## #.##
................# #..# #.#
.......########## #.## #.#
................# #.### #.#
.........#####.########...# #.#
..(.....###...##.......)#.# #.#
.##............§........#.# #.#
..####.......###>.....#.#.###.#
.............# #@....@#.#.##..#
...###.......###......#.#.#..##
...###................#.#.#.##
...#...##############.#.#.#.#
.....### #....#...# †.####
#.##.#.### ...# #..#...# ...#
##....## ...# ######


You could see Jessica (fast).

Vanquished Creatures
  2 dart slugs (D:1)
  An endoplasm (D:1)
  4 giant cockroaches (D:1)
  5 goblins (D:1)
  5 hobgoblins
  3 jackals (D:2)
  2 frilled lizards (D:1)
  3 kobolds (D:1)
  2 rats (D:1)
27 creatures vanquished.

Notes
Turn   | Place    | Note
-------+----------+-------------------------------------------
     0 | D:1      | Hot the Barachi Fighter began the quest for the Orb.
     0 | D:1      | Reached XP level 1. HP: 18/18 MP: 1/1
   113 | D:1      | Reached XP level 2. HP: 22/25 MP: 2/2
   749 | D:1      | Reached XP level 3. HP: 30/30 MP: 3/3
  1242 | D:2      | Reached skill level 4 in Fighting
  1244 | D:2      | Reached skill level 1 in Dodging
  1416 | D:2      | Noticed Jessica
  1422 | D:1      | Killed from afar by Jessica

Illustrated notes

Levels and vault maps discovered:
D:1:      sevenhm_arrival_forest_fort_large_4, layout_rooms,
          serial_co_window_serial, co_window_of_opportunity_a,
          co_window_paths_a, co_window_paths_a, co_window_paths_b,
          co_window_paths_a, co_window_cross_2, co_window_corner_b,
          co_window_broadway_a, co_window_paths_d, glass_columns_a,
          glass_columns_b, glass_columns_b
D:2:      layout_basic, nicolae_overflow_crystal_walls, lemuel_doored_altar,
          uniq_jessica, uniq_crazy_yiuf_cottage

Skill      XL: |  1  2  3 |
---------------+----------+-----
Fighting       | 4 |  4.0
Dodging        | 1 |  1.0
Long Blades    | |  2.8
Armour         | |  3.9
Shields        | |  3.6
Evocations     | |  0.9

Action                   || total
-------------------------++-------
Melee: Long sword        ||    93
 Abil: Hop               ||     3
  Use: Scroll            ||     3
Armor: Scale mail        ||    47
Dodge: Dodged            ||    44
Block: Kite shield       ||    46
       Rpst.: Long sword ||    15

Table legend: (Time is in decaauts)
 A = Elapsed time spent in this place.
 B = Non-inter-level travel time spent in this place.
 C = Inter-level travel time spent in this place.
 D = Time resting spent in this place.
 E = Time spent auto-exploring this place.
 F = Levels seen in this place.
 G = Mean time per level.
                   A        B        C        D        E       F      G
               +--------+--------+--------+--------+--------+-----+--------+
         Total |   1691 |   1552 |    139 |      0 |    880 |   2 |  845.5 |
       Dungeon |   1691 |   1552 |    139 |      0 |    880 |   2 |  845.5 |
               +--------+--------+--------+--------+--------+-----+--------+

Top non-repeatable levels by time:
     D:1: 1465 daAuts
     D:2: 226 daAuts
